[Event "Titled Tuesday Blitz December 27 Early 2022"]
[White "Akylbekov, Nasyr"]
[Black "Toropov, Pavel"]
[WhiteFideId "13800353"]
[BlackFideId "24129178"]
[WhiteElo "2239"]
[BlackElo "2336"]
[Result "0-1"]
[Round "07"]
[TimeControl "180+2"]
[Date "2022.12.27"]
[WhiteClock "0:00:11"]
[BlackClock "0:00:10"]

1. e4 e6 2. d4 d5 3. Nc3 dxe4 4. Nxe4 Nd7 5. Nf3 Ngf6 6. Ng3 b6 7. Be2 Bb7 8. O-O Be7 9. Ne5 O-O 10. Bf3 Qc8 11. Bg5 Nxe5 12. dxe5 Bxf3 13. Qxf3 Nd5 14. Bxe7 Nxe7 15. Rfd1 Rd8 16. Rxd8+ Qxd8 17. Rd1 Qe8 18. Qb7 Qc6 19. Qxc6 Nxc6 20. Rd7 Rc8 21. f4 Kf8 22. Ne4 Nb4 23. Ng5 h6 24. Nf3 Nd5 25. f5 Ne7 26. fxe6 fxe6 27. c4 Ke8 28. Rd2 Nc6 29. Kf2 Ke7 30. Ke3 Rf8 31. a3 g5 32. h3 Rf5 33. Ke4 Rf4+ 34. Ke3 Rxc4 35. b4 a5 36. Kd3 Rf4 37. Rc2 Kd7 38. b5 Ne7 39. Nd4 Nd5 40. Nc6 Ra4 41. Nb8+ Ke8 42. Na6 Rxa3+ 43. Ke4 Ra4+ 44. Kd3 Kd8 45. Rf2 Nb4+ 46. Nxb4 Rxb4 47. Rf8+ Kd7 48. Rf7+ Kc8 49. Rf6 Rxb5 50. Rxe6 a4 51. Kc4 Ra5 52. Rf6 a3 53. e6 a2 54. Rf8+ Kb7 55. e7 Re5 56. e8=Q Rxe8 57. Rxe8 a1=Q 58. Kd5 Qa2+ 59. Ke5 Qe2+ 0-1


[Site "https://www.chess.com"]

[Event "Titled Tuesday Blitz December 27 Early 2022"]
[White "Albertini, Luca"]
[Black "Kvaloy, Aksel Bu"]
[WhiteFideId "847038"]
[BlackFideId "1528815"]
[WhiteElo "2084"]
[BlackElo "2321"]
[Result "1-0"]
[Round "07"]
[TimeControl "180+2"]
[Date "2022.12.27"]
[WhiteClock "0:00:31"]
[BlackClock "0:00:32"]

1. e4 e5 2. Nf3 Nf6 3. Nc3 Nc6 4. Bc4 Nxe4 5. Bxf7+ Kxf7 6. Nxe4 Be7 7. d4 exd4 8. Nxd4 Nxd4 9. Qxd4 d5 10. Nc3 c6 11. O-O Bf6 12. Qd3 Be6 13. Ne2 Qd7 14. Nd4 g6 15. Nxe6 Qxe6 16. Bh6 Rhe8 17. g3 Qe4 18. Qb3 Re7 19. Rae1 Qxe1 20. Rxe1 Rxe1+ 21. Kg2 b5 22. a4 a6 23. Be3 Kg7 24. c3 Re8 25. Qc2 Ra1 26. axb5 axb5 27. h4 h5 28. Qb3 Raa8 29. Qb4 Re6 30. Qc5 Rae8 31. b3 Kf7 32. c4 dxc4 33. bxc4 Be7 34. Qd4 b4 35. c5 Rb8 36. Qf4+ Bf6 37. Qxb8 Bc3 38. Qc7+ Kg8 39. Qd7 Rf6 40. Bg5 Rf7 41. Qxc6 Kh7 42. Qd5 Rc7 43. c6 b3 44. Qxb3 Rxc6 45. Qf7+ Bg7 46. Qe8 Rc5 47. Qe7 Rf5 48. Be3 Kg8 49. Qd8+ Kh7 50. Bd4 Bxd4 51. Qxd4 Rf7 52. Qd5 Kg7 53. f4 Rf5 54. Qd7+ Kh6 55. Kf3 Rf6 56. Qe7 Rf5 57. Qe8 Kh7 58. Ke4 Kh6 59. Qh8# 1-0


[Site "https://www.chess.com"]

[Event "Titled Tuesday Blitz December 27 Early 2022"]
[White "Andreev, Eduard"]
[Black "Kazancev, Valerij M"]
[WhiteFideId "14103400"]
[BlackFideId "4179609"]
[WhiteElo "2413"]
[BlackElo "2313"]
[Result "0-1"]
[Round "07"]
[TimeControl "180+2"]
[Date "2022.12.27"]
[WhiteClock "0:00:16"]
[BlackClock "0:00:19"]

1. Nf3 g6 2. d4 Bg7 3. g3 e6 4. Bg2 Ne7 5. O-O O-O 6. b3 a5 7. Bb2 a4 8. c4 c5 9. e4 Nbc6 10. Na3 d5 11. exd5 exd5 12. cxd5 Nxd5 13. Qd2 axb3 14. axb3 cxd4 15. Nxd4 Ndb4 16. Rfd1 Bxd4 17. Bxd4 Qxd4 18. Qxd4 Nxd4 19. Rxd4 Rxa3 20. Rxa3 Nc2 21. Rda4 Nxa3 22. Rxa3 Rd8 23. Ra8 Rd1+ 24. Bf1 Rc1 25. Kg2 Kg7 26. Bc4 b5 27. Rxc8 bxc4 28. Rxc4 Rb1 29. Rb4 h5 30. Kf3 Rb2 31. Ke3 g5 32. h4 f6 33. hxg5 fxg5 34. f4 g4 35. Rb5 Rg2 36. f5 Kf6 37. Ke4 Rxg3 38. Rb6+ Kg5 39. Rg6+ Kh4 40. b4 Rb3 41. Rb6 g3 42. Rg6 Rxb4+ 43. Kf3 Rb3+ 44. Kg2 Rb2+ 45. Kg1 Kh3 46. Kf1 Rf2+ 47. Kg1 Rxf5 48. Rh6 h4 49. Ra6 Rb5 50. Ra1 Rb4 51. Re1 Kg4 52. Rc1 h3 53. Rf1 Rb2 54. Rc1 Rg2+ 55. Kh1 Rh2+ 56. Kg1 Re2 57. Rc4+ Kf3 58. Rc3+ Re3 59. Rc1 g2 60. Kh2 Kf2 61. Rc2+ Re2 62. Rc1 Re1 63. Rc2+ Kf1 64. Kxh3 g1=Q 65. Rc3 Qf2 66. Rg3 Re3 67. Rxe3 Qxe3+ 68. Kh2 Qg5 69. Kh3 Kf2 70. Kh2 Qg2# 0-1


[Site "https://www.chess.com"]

[Event "Titled Tuesday Blitz December 27 Early 2022"]
[White "Andreev, Konstantin"]
[Black "Yaran, Siar"]
[WhiteFideId "24239305"]
[BlackFideId "6323006"]
[WhiteElo "2195"]
[BlackElo "2288"]
[Result "0-1"]
[Round "07"]
[TimeControl "180+2"]
[Date "2022.12.27"]
[WhiteClock "0:00:33"]
[BlackClock "0:00:31"]

1. e4 e5 2. Nf3 Nc6 3. Bc4 Bc5 4. c3 Nf6 5. d4 exd4 6. b4 Bb6 7. e5 d5 8. exf6 dxc4 9. Qe2+ Be6 10. b5 d3 11. Qe4 Nb4 12. O-O Qd5 13. fxg7 Rg8 14. Qxh7 O-O-O 15. Bg5 Bf5 16. Qh6 Rd6 17. Qh8 f6 18. Bf4 Rdd8 19. Qh6 Nc2 20. Nbd2 Nxa1 21. Rxa1 Qf7 22. Nh4 Be6 23. Be3 Rxg7 24. a4 Ba5 25. Rc1 Rdg8 26. g3 Rh7 27. Qf4 Rg4 28. Qf3 Rhxh4 29. Kh1 Bd5 0-1


[Site "https://www.chess.com"]

[Event "Titled Tuesday Blitz December 27 Early 2022"]
[White "Araujo, Everson De Moura"]
[Black "Vifleemskaia, Svetlana"]
[WhiteFideId "22737197"]
[BlackFideId "4129490"]
[WhiteElo "1944"]
[BlackElo "1971"]
[Result "1-0"]
[Round "07"]
[TimeControl "180+2"]
[Date "2022.12.27"]
[WhiteClock "0:00:04"]
[BlackClock "0:00:02"]

1. d4 Nf6 2. Nf3 d5 3. e3 c5 4. Bd3 Nc6 5. b3 Bg4 6. Bb2 Rc8 7. Nbd2 cxd4 8. exd4 Nb4 9. Bb5+ Bd7 10. Bxd7+ Qxd7 11. O-O Nxc2 12. Ne5 Qf5 13. Rc1 Nb4 14. Qe2 a6 15. a3 Nc6 16. Nxc6 Rxc6 17. Rxc6 bxc6 18. Rc1 Ne4 19. Nxe4 Qxe4 20. Qxe4 dxe4 21. Rxc6 Kd7 22. Rxa6 g6 23. d5 f6 24. Re6 Bh6 25. Rxe4 Rc8 26. Re2 Kd6 27. h4 Rc5 28. g3 Rxd5 29. Rc2 e5 30. a4 Bd2 31. Ba3+ Kd7 32. b4 Rd4 33. b5 Ba5 34. Bc5 Rxa4 35. b6 Ra1+ 36. Kg2 Rb1 37. Ra2 Bxb6 38. Rd2+ Ke6 39. Rd6+ Kf5 40. Rxb6 Rc1 41. Be3 Rc2 42. Rb7 h5 43. Rb6 g5 44. hxg5 fxg5 45. Rb5 Re2 46. Kf3 Rc2 47. Bd4 g4+ 48. Kg2 Ke4 49. Bxe5 Ra2 50. Bf4 h4 51. Rb4+ Kf5 52. gxh4 Ra3 53. Be3 Rd3 54. Kg3 Rd1 55. Rf4+ Ke5 56. Rxg4 Rg1+ 57. Kf3 Rh1 58. Bf4+ Kf5 59. Bg3 Rh3 60. Rg8 Rh1 61. Kg2 Rd1 62. h5 Kf6 63. Bf4 Rd4 64. Be3 1-0


[Site "https://www.chess.com"]

[Event "Titled Tuesday Blitz December 27 Early 2022"]
[White "Aravindh, Chithambaram VR."]
[Black "Bilych, Olexiy"]
[WhiteFideId "5072786"]
[BlackFideId "14156504"]
[WhiteElo "2633"]
[BlackElo "2441"]
[Result "1-0"]
[Round "07"]
[TimeControl "180+2"]
[Date "2022.12.27"]
[WhiteClock "0:00:18"]
[BlackClock "0:00:21"]

1. b3 e5 2. Bb2 Nc6 3. e3 d5 4. Bb5 Ne7 5. Bxe5 a6 6. Bxc6+ Nxc6 7. Bg3 h5 8. h4 d4 9. Nf3 Bg4 10. O-O g5 11. exd4 gxh4 12. Qe1+ Be7 13. Nxh4 Nxd4 14. Nc3 O-O 15. Qe4 Nxc2 16. Nf5 Bxf5 17. Qxf5 Nxa1 18. Be5 Qxd2 19. Qxh5 f6 20. Ne4 Qc2 21. Qg6+ Kh8 22. Bxa1 Rad8 23. g3 Rd1 24. Qh5+ Kg7 25. Qg4+ Kf7 26. Rxd1 Qxa2 27. Qh5+ Kg7 28. Ng5 1-0


[Site "https://www.chess.com"]

[Event "Titled Tuesday Blitz December 27 Early 2022"]
[White "Atakishiyev, Elmar"]
[Black "Ozen, Bahadir"]
[WhiteFideId "13410547"]
[BlackFideId "6337058"]
[WhiteElo "2363"]
[BlackElo "2369"]
[Result "0-1"]
[Round "07"]
[TimeControl "180+2"]
[Date "2022.12.27"]
[WhiteClock "0:00:13"]
[BlackClock "0:00:29"]

1. Nf3 Nf6 2. g3 d6 3. Bg2 e5 4. O-O Be7 5. d3 O-O 6. c4 Nbd7 7. Nc3 a5 8. Rb1 c6 9. a3 Re8 10. b4 axb4 11. axb4 Nf8 12. b5 Bd7 13. Ne1 Ne6 14. Nc2 Qc7 15. Be3 Ng4 16. Bb6 Qc8 17. Qd2 f5 18. Ra1 Rb8 19. Rfc1 h5 20. Na4 h4 21. Ba7 hxg3 22. hxg3 Bd8 23. Bxb8 Qxb8 24. bxc6 bxc6 25. Rcb1 Qa7 26. Nb6 Qxb6 27. Rxb6 Bxb6 28. e3 f4 29. Rb1 fxe3 30. Nxe3 Bxe3 31. fxe3 Nc5 32. d4 exd4 33. exd4 Ne4 34. Bxe4 Rxe4 35. Rb8+ Kh7 36. Rf8 Re3 37. Qc2+ Kh6 38. Rh8+ Kg5 39. Qd2 Kg6 40. Kg2 Bf5 41. Rh4 Be4+ 42. Kf1 Bd3+ 43. Kg2 Re2+ 44. Qxe2 Bxe2 45. d5 c5 46. Rh8 Kf6 47. Re8 Bxc4 48. Re6+ Kf5 49. Rxd6 Nf6 50. Rd8 Bxd5+ 51. Kh2 c4 52. Rc8 Be6 53. Rc7 g6 54. Kg2 Bd5+ 55. Kf2 Ke4 56. Ke2 Kd4 57. Kd2 Ne4+ 58. Kc1 Nc5 59. Rg7 Be4 60. Rc7 c3 61. Kd1 Nb3 62. Rc8 c2+ 63. Rxc2 Bxc2+ 64. Kxc2 Nc5 65. Kd2 Ke4 66. Ke2 g5 67. Kf2 Nd3+ 68. Kg2 Kf5 69. Kh3 Ne5 70. Kh2 Kg4 71. Kg2 Nc4 72. Kf2 Nd6 73. Kg2 Nf5 74. Kh2 Nxg3 75. Kg2 Nf5 76. Kg1 Ng7 77. Kh2 Ne8 78. Kg2 Kf4 79. Kf2 g4 80. Kg2 g3 81. Kg1 Kf3 82. Kf1 Nc7 83. Kg1 g2 84. Kh2 Kf2 0-1


[Site "https://www.chess.com"]

[Event "Titled Tuesday Blitz December 27 Early 2022"]
[White "Ayushh, Ravikumar"]
[Black "Ordekalog"]
[WhiteFideId "35039482"]
[WhiteElo "2032"]
[BlackElo "2826"]
[Result "0-1"]
[Round "07"]
[TimeControl "180+2"]
[Date "2022.12.27"]
[WhiteClock "0:00:07"]
[BlackClock "0:00:14"]

1. e4 d5 2. exd5 Nf6 3. Nf3 Nxd5 4. Nc3 Nxc3 5. dxc3 Qxd1+ 6. Kxd1 b6 7. Bc4 e6 8. Ke2 Ba6 9. Bxa6 Nxa6 10. Bf4 Bd6 11. Be5 f6 12. Bxd6 cxd6 13. Rhd1 Ke7 14. Nd4 Rhc8 15. Nb5 d5 16. Nd4 Nc5 17. f3 g6 18. Nb3 Na4 19. Rab1 Rc4 20. Rd4 Rac8 21. Kd3 b5 22. Nd2 R4c5 23. Nb3 Rc4 24. Nd2 R4c6 25. Rb4 a6 26. Ke2 Rc5 27. Rh4 h5 28. g4 hxg4 29. fxg4 Kd6 30. Rh6 Rg8 31. Rh7 Rc7 32. Rxc7 Kxc7 33. Kd3 Rh8 34. b3 Rh3+ 35. Kd4 Kd6 36. Ne4+ Kc6 37. Nxf6 Nxc3 38. Re1 Kd6 39. Ne8+ Kd7 40. Nf6+ Ke7 41. g5 b4 42. Kc5 Nxa2 43. Nxd5+ Kf7 44. Rf1+ Ke8 45. Nc7+ Ke7 46. Re1 Rxh2 47. Nxe6 Rxc2+ 48. Kb6 Rc3 49. Kxa6 Kd6 50. Nf4 Rxb3 51. Nxg6 Rg3 52. Kb5 Rxg5+ 53. Ka4 Rxg6 54. Kb3 Rg2 55. Ra1 Nc3 56. Kxb4 Nd5+ 57. Kb3 Rg3+ 58. Kc2 Kc5 59. Kd2 Kc4 60. Ra4+ Kc5 61. Rh4 Rg2+ 62. Kd3 Rg1 63. Rh5 Rg3+ 64. Kd2 Rg4 65. Rh8 Kd4 66. Rh2 Nb4 67. Ke2 Rf4 68. Rf2 Re4+ 69. Kf1 Nd3 70. Rf3 Rg4 71. Rf8 Ke3 72. Re8+ Kf3 73. Rf8+ Nf4 74. Ra8 Ng2 75. Ra3+ Ne3+ 76. Ke1 Rd4 77. Ra1 Nc2+ 0-1


[Site "https://www.chess.com"]

[Event "Titled Tuesday Blitz December 27 Early 2022"]
[White "Babazada, Khazar"]
[Black "Dimitrov, Atanas"]
[WhiteFideId "13413554"]
[BlackFideId "2901315"]
[WhiteElo "2474"]
[BlackElo "2269"]
[Result "1-0"]
[Round "07"]
[TimeControl "180+2"]
[Date "2022.12.27"]
[WhiteClock "0:01:17"]
[BlackClock "0:00:11"]

1. e4 c5 2. Nf3 d6 3. d4 cxd4 4. Nxd4 Nf6 5. Nc3 g6 6. Bc4 Bg7 7. Bg5 a6 8. a3 Bd7 9. Qd2 Nc6 10. Nxc6 Bxc6 11. f3 Rc8 12. Bb3 Qa5 13. O-O O-O 14. Rad1 Qc7 15. Kh1 b5 16. Bh6 Rfd8 17. Qg5 Qb6 18. Bxg7 Kxg7 19. Ne2 Qc5 20. Qh4 Qh5 21. Qg3 Qc5 22. Nd4 Bd7 23. c3 a5 24. Rde1 e5 25. Nc2 Nh5 26. Qh4 Nf4 27. Ne3 Be6 28. Bxe6 fxe6 29. g3 Nd3 30. Qe7+ Kg8 31. Qxe6+ Kg7 32. Qe7+ Kg8 33. Ng4 Qc7 34. Nh6+ Kh8 35. Nf7+ Kg8 36. Qxc7 Rxc7 37. Nxd8 Nxe1 38. Rxe1 b4 39. axb4 axb4 40. Ne6 Re7 41. Ng5 bxc3 42. bxc3 Rc7 43. Rd1 Rxc3 44. Rxd6 Kg7 45. Rd7+ Kf6 46. h4 h6 47. Rf7# 1-0


[Site "https://www.chess.com"]

[Event "Titled Tuesday Blitz December 27 Early 2022"]
[White "Barbashin, Igor"]
[Black "Strahov, Andrej"]
[WhiteFideId "4155718"]
[BlackFideId "4165489"]
[WhiteElo "2169"]
[BlackElo "2398"]
[Result "1-0"]
[Round "07"]
[TimeControl "180+2"]
[Date "2022.12.27"]
[WhiteClock "0:00:25"]
[BlackClock "0:00:04"]

1. d4 d5 2. c4 e6 3. Nc3 Nf6 4. Nf3 c6 5. g3 Nbd7 6. Bg2 Be7 7. O-O O-O 8. Qd3 b6 9. e4 dxc4 10. Qxc4 Bb7 11. Rd1 b5 12. Qe2 Qb6 13. Be3 c5 14. Qxb5 Qxb5 15. Nxb5 Bxe4 16. dxc5 Bxc5 17. Bxc5 Nxc5 18. b4 Nd3 19. a3 Nb2 20. Rd2 Nc4 21. Rd4 Rfc8 22. Rc1 Nb6 23. Rxc8+ Rxc8 24. Nxa7 Rc1+ 25. Bf1 Nbd5 26. Nd2 Bg6 27. Kg2 h5 28. Rc4 Rd1 29. Nf3 Be4 30. Be2 Rd2 31. Rxe4 Nxe4 32. Nxd2 Nxd2 33. Bxh5 Nb1 34. Nb5 Kf8 35. Bf3 Ke7 36. Bxd5 exd5 37. a4 Kd7 38. Nd4 Nc3 39. a5 Kd6 40. a6 Kc7 41. b5 Kb6 42. Kf3 Ne4 43. Ke3 Nd6 44. h4 f6 45. g4 Nc4+ 46. Kf4 Ne5 47. Kf5 Nd3 48. f3 Nf2 49. Kg6 Nd3 50. Kxg7 Nc5 51. Kxf6 Nd7+ 52. Ke7 Nf8 1-0


[Site "https://www.chess.com"]

[Event "Titled Tuesday Blitz December 27 Early 2022"]
[White "Bas Mas, Jose Joaquin"]
[Black "Aghasiyev, Kamal"]
[WhiteFideId "22219064"]
[BlackFideId "13402854"]
[WhiteElo "2197"]
[BlackElo "2441"]
[Result "0-1"]
[Round "07"]
[TimeControl "180+2"]
[Date "2022.12.27"]
[WhiteClock "0:00:16"]
[BlackClock "0:01:50"]

1. e4 c5 2. Nc3 e6 3. Nf3 a6 4. d4 cxd4 5. Nxd4 b5 6. Bd3 Bb7 7. O-O Nc6 8. Nce2 Nge7 9. b3 Nxd4 10. Nxd4 Nc6 11. Nf3 Be7 12. Bb2 O-O 13. Qe2 Nb4 14. Rfd1 Qc7 15. a3 Nxd3 16. Qxd3 d5 17. e5 a5 18. a4 b4 19. Re1 Ba6 20. Qd2 Rac8 21. Rac1 d4 22. Bxd4 Rfd8 23. Qf4 Bb7 24. Qe3 Bxf3 25. gxf3 Rd5 26. f4 Qd7 27. Bb6 Rc3 28. Qe4 Qc6 29. Bxa5 Rxa5 30. Qxc6 Rxc6 31. Kg2 g6 32. Kf3 Rac5 33. Re2 Rc3+ 34. Ke4 Rxb3 35. Ra1 Ra3 36. Rxa3 bxa3 0-1


[Site "https://www.chess.com"]

[Event "Titled Tuesday Blitz December 27 Early 2022"]
[White "Baskakov, Egor"]
[Black "Balakrishnan, Praveen"]
[WhiteFideId "24197866"]
[BlackFideId "2064871"]
[WhiteElo "2215"]
[BlackElo "2529"]
[Result "1/2-1/2"]
[Round "07"]
[TimeControl "180+2"]
[Date "2022.12.27"]
[WhiteClock "0:00:14"]
[BlackClock "0:00:17"]

1. e4 c6 2. d4 d5 3. e5 Bf5 4. Ne2 e6 5. Ng3 Bg6 6. h4 h5 7. Bd3 Bxd3 8. cxd3 Be7 9. Nxh5 g6 10. Nf4 Rxh4 11. Rxh4 Bxh4 12. Nd2 Be7 13. Qg4 Nh6 14. Qh3 Nf5 15. Nf3 Na6 16. Bd2 Kd7 17. O-O-O Qh8 18. Rh1 Qxh3 19. Nxh3 Rh8 20. Kd1 Nc7 21. a4 Na6 22. g4 Ng7 23. Ke2 Ne8 24. Bg5 Bxg5 25. Nfxg5 Ke7 26. f4 Nec7 27. Rf1 Rh4 28. Kf3 Nb4 29. Kg3 Rh8 30. f5 gxf5 31. gxf5 Nxd3 32. fxe6 fxe6 33. Rf7+ Kd8 34. Kg4 Nxb2 35. Rf2 Rxh3 36. Kxh3 Nxa4 37. Rf8+ Ke7 38. Rf7+ Kd8 39. Rf8+ Ke7 40. Rf7+ Kd8 41. Rf8+ 1/2-1/2


[Site "https://www.chess.com"]

[Event "Titled Tuesday Blitz December 27 Early 2022"]
[White "Begunov, Konstantin"]
[Black "Mathieu, Phileas"]
[WhiteFideId "4118510"]
[BlackFideId "36048410"]
[WhiteElo "2325"]
[BlackElo "2374"]
[Result "1-0"]
[Round "07"]
[TimeControl "180+2"]
[Date "2022.12.27"]
[WhiteClock "0:00:14"]
[BlackClock "0:00:00"]

1. d4 Nf6 2. c4 c5 3. Nf3 cxd4 4. Nxd4 e5 5. Nb5 d5 6. cxd5 Bc5 7. d6 O-O 8. Nc7 Bxd6 9. Nxa8 Nc6 10. Nc3 Bg4 11. h3 Bh5 12. g4 Bg6 13. Bg2 e4 14. g5 Nh5 15. Bxe4 Qe7 16. Bxg6 hxg6 17. Qd5 Rxa8 18. Be3 Nb4 19. Qb3 Bf4 20. a3 Bxe3 21. Qxb4 Bc5 22. Qe4 Qxg5 23. Qxb7 Re8 24. Rd1 Nf4 25. Qf3 Qh4 26. Kf1 Re5 27. e3 Ne6 28. Rd5 Qc4+ 29. Kg2 Ng5 30. Rd8+ Kh7 31. Qg4 Ne4 32. Qh4+ Rh5 33. Qxe4 Rg5+ 34. Kh2 Qa6 35. Rg1 Bd6+ 36. f4 Rh5 37. Qe8 g5 38. Qh8+ Kg6 39. Rxg5+ Rxg5 40. Qe8 Qd3 41. Qe4+ Qxe4 42. Nxe4 Rb5 43. Rxd6+ f6 44. b4 a5 45. Nc3 Rh5 46. b5 Rc5 47. Rd3 Kf5 48. a4 Rc4 49. Kg3 g5 50. fxg5 Kxg5 51. Kf3 Kh4 52. e4 Kxh3 53. Kf4+ Kg2 54. Kf5 Kf2 55. Kxf6 Rxc3 56. Rxc3 1-0


[Site "https://www.chess.com"]

[Event "Titled Tuesday Blitz December 27 Early 2022"]
[White "Belozerov, Andrei"]
[Black "Toncheva, Nadya"]
[WhiteFideId "4120213"]
[BlackFideId "2924056"]
[WhiteElo "2461"]
[BlackElo "2295"]
[Result "0-1"]
[Round "07"]
[TimeControl "180+2"]
[Date "2022.12.27"]
[WhiteClock "0:00:08"]
[BlackClock "0:00:07"]

1. d4 d5 2. c4 dxc4 3. Nf3 Nf6 4. e3 Bg4 5. Bxc4 e6 6. Nc3 a6 7. h3 Bh5 8. O-O Nc6 9. Be2 Bd6 10. a3 O-O 11. b4 Re8 12. Bb2 Qe7 13. Rc1 Rad8 14. Nd2 Bxe2 15. Qxe2 e5 16. d5 Nb8 17. Nde4 c6 18. Nxf6+ Qxf6 19. Ne4 Qg6 20. Nc3 e4 21. Rfd1 Qf5 22. Qg4 Qxg4 23. hxg4 Be5 24. Rc2 cxd5 25. Nxd5 Bxb2 26. Rxb2 Nc6 27. Rbd2 Kf8 28. Nc3 Rxd2 29. Rxd2 Ne5 30. Nxe4 Nxg4 31. Nc5 b6 32. Nxa6 Ra8 33. b5 Ke7 34. f3 Ne5 35. Kf2 Nc4 36. Rd3 Ne5 37. Rc3 Kd6 38. e4 h5 39. f4 Nd7 40. Rd3+ Ke7 41. Nb4 Nc5 42. Re3 Kf6 43. Kf3 Ra5 44. Nd5+ Ke6 45. Nxb6 Rxb5 46. f5+ Kd6 47. Nc4+ Ke7 48. Rc3 Rb1 49. Ne3 Na4 50. Rd3 Nc5 51. Rd4 Rb3 52. Kf4 Nd3+ 53. Kf3 Ne5+ 54. Ke2 Rb2+ 55. Rd2 Rb3 56. Nd5+ Ke8 57. Ra2 Nc4 58. a4 Rg3 59. Kf2 Rb3 60. a5 Nxa5 61. Rxa5 Rb2+ 62. Kf3 h4 63. Ne3 Kd7 64. Rd5+ Ke7 65. Ra5 Kf6 66. Ra6+ Kg5 67. Ra7 Rb3 68. Rxf7 g6 69. fxg6 Kxg6 70. Rf4 Kg5 71. Rg4+ Kh5 72. Rf4 Kg5 73. Rf5+ Kg6 74. Kf4 Rb2 75. Rg5+ Kf6 76. Rg4 Rf2# 0-1


[Site "https://www.chess.com"]

[Event "Titled Tuesday Blitz December 27 Early 2022"]
[White "Berezin, Viktor"]
[Black "Garcia Ramos, Daniel"]
[WhiteFideId "14107872"]
[BlackFideId "32010311"]
[WhiteElo "2307"]
[BlackElo "2442"]
[Result "0-1"]
[Round "07"]
[TimeControl "180+2"]
[Date "2022.12.27"]
[WhiteClock "0:00:09"]
[BlackClock "0:00:06"]

1. d4 d5 2. Nf3 e6 3. c4 Nf6 4. g3 Bb4+ 5. Nbd2 dxc4 6. Bg2 b5 7. O-O Bb7 8. a4 a6 9. Qc2 O-O 10. Rd1 Nbd7 11. h4 h6 12. e4 Qe7 13. e5 Nd5 14. Ne4 Rfd8 15. g4 Nf8 16. h5 f6 17. exf6 Nxf6 18. Ne5 Bd5 19. g5 Nxe4 20. Bxe4 hxg5 21. Bxd5 Rxd5 22. axb5 Rxb5 23. Qxc4 Bd6 24. Qxb5 axb5 25. Rxa8 Kh7 26. Nf3 Bf4 27. Bxf4 gxf4 28. d5 e5 29. Re1 Nd7 30. Ra7 Qd6 31. Raa1 Kh6 32. Rad1 Kxh5 33. Kg2 Kg4 34. Nh2+ Kf5 35. Kf3 Nf6 36. Ke2 e4 37. Nf1 Qb4 38. Rd2 f3+ 39. Kd1 Nxd5 40. Rxd5+ Kf4 41. Rd2 Qb3+ 42. Kc1 Qc4+ 43. Rc2 Qd3 44. Ne3 b4 45. Rd2 Qb3 46. Rc2 Qa4 47. Rh1 b3 48. Rc4 Qa1+ 49. Kd2 Qxh1 50. Nd5+ Ke5 51. Nc3 Qa1 52. Rxe4+ Kf5 53. Ke3 Qxb2 54. Nd5 Qe2+ 55. Kd4 Qxe4+ 56. Kc3 Qxd5 57. Kb2 Qd2+ 58. Kxb3 Qxf2 59. Kb4 Qe3 60. Ka5 f2 61. Kb5 Qc3 0-1


[Site "https://www.chess.com"]

[Event "Titled Tuesday Blitz December 27 Early 2022"]
[White "Bettalli, Francesco"]
[Black "Sourath Biswas"]
[WhiteFideId "2816453"]
[BlackFideId "35091484"]
[WhiteElo "2252"]
[BlackElo "2281"]
[Result "1-0"]
[Round "07"]
[TimeControl "180+2"]
[Date "2022.12.27"]
[WhiteClock "0:01:14"]
[BlackClock "0:00:47"]

1. d4 Nf6 2. Nc3 g6 3. e4 d6 4. Be3 Bg7 5. Qd2 Ng4 6. Bg5 h6 7. Bh4 c5 8. dxc5 dxc5 9. Qxd8+ Kxd8 10. h3 Ne5 11. O-O-O+ Bd7 12. f4 Nec6 13. Nf3 a6 14. Bf2 b6 15. Nd5 Ra7 16. Nxb6 Rb7 17. Bxc5 Kc7 18. Nd5+ Kd8 19. e5 Ke8 20. Bc4 Be6 21. Bb3 Nd7 22. Be3 g5 23. g3 Nb4 24. Nxb4 Bxb3 25. axb3 Rxb4 26. Rd4 Rxd4 27. Bxd4 gxf4 28. gxf4 h5 29. Kb1 Bh6 30. e6 Nf6 31. f5 fxe6 32. fxe6 Rf8 33. Ne5 Ne4 34. Nf7 Bf4 35. Rd1 Rg8 36. Be3 Bd6 37. Rd4 Ng3 38. Rc4 1-0


[Site "https://www.chess.com"]

[Event "Titled Tuesday Blitz December 27 Early 2022"]
[White "Bochnicka, Vladimir"]
[Black "Oro, Faustino"]
[WhiteFideId "14943450"]
[BlackFideId "20000197"]
[WhiteElo "2327"]
[BlackElo "2269"]
[Result "1-0"]
[Round "07"]
[TimeControl "180+2"]
[Date "2022.12.27"]
[WhiteClock "0:00:09"]
[BlackClock "0:00:05"]

1. e4 e5 2. Nf3 Nc6 3. Bc4 Bc5 4. c3 Nf6 5. d3 O-O 6. Nbd2 d6 7. O-O a6 8. Bb3 Be6 9. h3 Ba7 10. Re1 h6 11. Nf1 Re8 12. Ng3 d5 13. Qe2 Qd6 14. Nh4 Kh7 15. Nhf5 Qd7 16. Qf3 dxe4 17. dxe4 Ng8 18. Rd1 Qc8 19. Nh5 Bxb3 20. axb3 g6 21. Nd6 Qe6 22. Nxe8 Rxe8 23. Ng3 Nge7 24. Be3 Bxe3 25. Qxe3 f5 26. exf5 gxf5 27. Qd3 Rd8 28. Qc4 Nd5 29. Nxf5 Qxf5 30. Rxd5 Rf8 31. Qd3 Kg6 32. Qxf5+ Kxf5 33. Rd7 Rc8 34. g3 Ke4 35. Kg2 Kf5 36. Re1 Ke6 37. Rh7 Na5 38. Rxh6+ Kd5 39. b4 Nb3 40. Rh5 Re8 41. f4 Kc4 42. Rhxe5 Rd8 43. R1e4+ Kd3 44. Re3+ Kc2 45. Re2+ Kb1 46. f5 Nc1 47. Re1 Kxb2 48. f6 Nd3 49. R5e2+ Kb3 50. Rd1 Nf4+ 51. gxf4 Rxd1 52. f7 1-0


[Site "https://www.chess.com"]

[Event "Titled Tuesday Blitz December 27 Early 2022"]
[White "Bogaudinov, Rushan"]
[Black "Poeta, Caio Medeiros"]
[WhiteFideId "4129288"]
[BlackFideId "2142660"]
[WhiteElo "1939"]
[BlackElo "2088"]
[Result "0-1"]
[Round "07"]
[TimeControl "180+2"]
[Date "2022.12.27"]
[WhiteClock "0:00:20"]
[BlackClock "0:01:06"]

1. d4 Nf6 2. Nf3 e6 3. g3 b6 4. Bg2 Be7 5. O-O O-O 6. c4 Bb7 7. Nc3 d5 8. cxd5 Nxd5 9. Re1 c5 10. Nxd5 Bxd5 11. Bf4 Nc6 12. e4 Bc4 13. b3 Ba6 14. d5 exd5 15. exd5 Nb4 16. Ne5 Bb7 17. a3 Nxd5 18. Qh5 Nxf4 19. gxf4 Bxg2 20. Rad1 Bd5 21. Nc6 Bxc6 22. Rxd8 Bxd8 23. f5 Bf6 24. Qg4 Rfe8 25. Re3 Bd4 26. Rxe8+ Rxe8 27. Kf1 Bd5 28. b4 Bc4+ 29. Kg2 Re2 30. bxc5 Rxf2+ 31. Kh3 bxc5 32. Qe4 h5 33. a4 Rxf5 34. Qa8+ Kh7 35. Qe4 g6 36. a5 Bf1+ 37. Kg3 Bf2# 0-1


[Site "https://www.chess.com"]

[Event "Titled Tuesday Blitz December 27 Early 2022"]
[White "Bringas Gomez, Artai"]
[Black "Marjanovic, Annamaria"]
[WhiteFideId "24534064"]
[BlackFideId "750930"]
[WhiteElo "2206"]
[BlackElo "2273"]
[Result "0-1"]
[Round "07"]
[TimeControl "180+2"]
[Date "2022.12.27"]
[WhiteClock "0:01:20"]
[BlackClock "0:01:32"]

1. e4 e6 2. d4 d5 3. exd5 exd5 4. Bd3 Nf6 5. Nf3 c5 6. Qe2+ Be7 7. dxc5 O-O 8. Be3 Nc6 9. c3 Re8 10. b4 Bg4 11. h3 Bxf3 12. Qxf3 d4 13. cxd4 Nxb4 14. Bf5 g6 15. a3 Nc6 16. Bd3 Nxd4 17. Qxb7 Rb8 18. Qa6 Nb3 19. Ra2 Nxc5 20. Bxc5 Bxc5+ 21. Re2 Rxe2+ 22. Kxe2 Rb2+ 23. Nd2 Ne4 24. Rd1 Nc3+ 0-1


[Site "https://www.chess.com"]

[Event "Titled Tuesday Blitz December 27 Early 2022"]
[White "Cardona, Liulia"]
[Black "Nguyen Hong Nhung"]
[WhiteFideId "3505189"]
[BlackFideId "12412201"]
[WhiteElo "2115"]
[BlackElo "2003"]
[Result "1-0"]
[Round "07"]
[TimeControl "180+2"]
[Date "2022.12.27"]
[WhiteClock "0:00:15"]
[BlackClock "0:00:01"]

1. e4 c5 2. Nf3 e6 3. d3 Nc6 4. g3 Nf6 5. Bg2 d5 6. Nbd2 Be7 7. O-O O-O 8. e5 Nd7 9. Re1 b5 10. h4 a5 11. a4 bxa4 12. Nf1 Nb6 13. Bf4 Bb7 14. N1h2 d4 15. Ng5 h6 16. Qh5 Rb8 17. Ng4 Bxg5 18. hxg5 Ne7 19. gxh6 g6 20. h7+ Kh8 21. Qh2 Bxg2 22. Kxg2 Nbd5 23. Bg5 Rxb2 24. Bf6+ Nxf6 25. exf6 Nf5 26. Re5 Qa8+ 27. Kf1 Rb6 28. Rxf5 exf5 29. Qh6 Rxf6 30. Nxf6 Qd8 31. Kg2 Qa8+ 32. f3 Rd8 33. Qg5 1-0


[Site "https://www.chess.com"]